 Dungeon Crawl Stone Soup version 0.31-a0-705-ga145531891 (webtiles) character file.

Game seed: 549053797190135887

1 microfolk the Magician (level 1, 0/17 HPs)
             Began as a Demigod Wanderer on Sept 9, 2023.
             Slain by a quokka (3 damage)
             ... on level 1 of the Dungeon.
             The game lasted 00:00:45 (82 turns).

microfolk the Magician (Demigod Wanderer)             Turns: 82, Time: 00:00:45

Health: 0/17       AC:  2    Str: 13    XL:     1   Next: 13%
Magic:  8/8        EV: 10    Int: 14    God:
Gold:   0          SH:  4    Dex: 13    Spells: 9/9 levels left

rFire   . . .        a - +0 club
rCold   . . .        d - +0 buckler
rNeg    . . .        c - +0 robe
rPois   .            (no helmet)
rElec   .            (no cloak)
rCorr   .            (no gloves)
SInv    .            (no boots)
Will    .....        (no amulet)
Stlth   +            (no ring)
HPRegen 0.22/turn    (no ring)
MPRegen 0.11/turn

%: no passive effects
@: no status effects
A: high MP 1, forlorn, divine attributes
a: no special abilities


You were on level 1 of the Dungeon.
You visited 1 branch of the dungeon, and saw 1 of its levels.

Inventory:

Hand Weapons
 a - a +0 club (weapon)
Armour
 c - a +0 robe (worn)
 d - a +0 buckler (worn)
Potions
 b - a potion of attraction


   Skills:
 + Level 1.8 Fighting
 * Level 1.0 Shields
 + Level 4.5 Spellcasting
 - Level 1.0 Earth Magic


You had 9 spell levels left.
You didn't know any spells.
Your spell library contained the following spells:

 Spells                   Type           Power      Damage    Failure   Level
 Sandblast                Erth           10%        2d5       17%         1
 Sting                    Tmut/Pois      12%        1d3       26%         1
 Call Imp                 Summ           6%         N/A       36%         2
 Poisonous Vapours        Pois/Air       6%         N/A       36%         2
 Stone Arrow              Conj/Erth      8%         3d7       54%         3
 Frozen Ramparts          Ice            6%         1d1       61%         3


Dungeon Overview and Level Annotations

Branches:
Dungeon (1/15)


Innate Abilities, Weirdness & Mutations

You have an increased reservoir of magic. (+10% MP)
You shall have no god before yourself.
Your divine heritage dramatically boosts your attributes as you level up.


Message History

You block the quokka's attack.
You hit the quokka.
The quokka is lightly wounded.
The quokka bites you.
You barely miss the quokka.
The quokka is lightly wounded.
You block the quokka's attack. The quokka closely misses you.
You closely miss the quokka.
The quokka is lightly wounded.
The quokka bites you.
* * * LOW HITPOINT WARNING * * *
The quokka bites you.
* * * LOW HITPOINT WARNING * * *
You completely miss the quokka.
The quokka is lightly wounded.
The quokka bites you.
* * * LOW HITPOINT WARNING * * *
You hit the quokka but do no damage.
The quokka is lightly wounded.
The quokka bites you.
* * * LOW HITPOINT WARNING * * *
You block the quokka's attack.
You hit the quokka.
The quokka is moderately wounded.
The quokka closely misses you. The quokka bites you.
* * * LOW HITPOINT WARNING * * *
Okay, then.
You hit the quokka.
The quokka is moderately wounded.
The quokka bites you but does no damage.
You hit the quokka.
The quokka is heavily wounded.
The quokka barely misses you. The quokka bites you.
* * * LOW HITPOINT WARNING * * *
As you read the scroll labelled CESIESI DACAR, it dissolves into smoke.
It was a scroll of fog.
The quokka completely misses you.
You miss the quokka.
The quokka is heavily wounded.
You block the quokka's attack. The quokka bites you.
You die...

####+#####
#........#
#........#
#........#
#######........#
#...§§#........# .
#.###§#........# ..
#.# #@#........# ...
#.# #r#........# .r
#.# #§#........##.#
#.# #.............#
##.###############+#
#.........#
#########.# #.# #.#


You could see a quokka.

Vanquished Creatures
  A hobgoblin (D:1)
1 creature vanquished.

Notes
Turn   | Place    | Note
-------+----------+-------------------------------------------
     0 | D:1      | microfolk the Demigod Wanderer began the quest for the Orb.
     0 | D:1      | microfolk set off with the following items: a +0 club, a
                  | potion of attraction, a +0 robe, a +0 buckler; and the
                  | following spells available to memorise: Sandblast, Sting,
                  | Call Imp, Poisonous Vapours, Stone Arrow, Frozen Ramparts.
     0 | D:1      | Reached XP level 1. HP: 17/17 MP: 8/8
    82 | D:1      | Slain by a quokka

Illustrated notes

Levels and vault maps discovered:
D:1:      saegor_arrival_simple_b, layout_basic, chequers_mini_garden

Action                     || total
---------------------------++-------
  Melee: Club              ||    13
    Use: Scroll            ||     1
 Armour: Robe              ||    10
  Dodge: Dodged            ||     6
  Block: Buckler           ||     5

Table legend: (Time is in decaauts)
 A = Elapsed time spent in this place.
 B = Non-inter-level travel time spent in this place.
 C = Inter-level travel time spent in this place.
 D = Time resting spent in this place.
 E = Time spent auto-exploring this place.
 F = Levels seen in this place.
 G = Mean time per level.
                   A        B        C        D        E       F      G
               +--------+--------+--------+--------+--------+-----+--------+
         Total |     86 |     86 |      0 |      0 |     18 |   1 |   86.0 |
       Dungeon |     86 |     86 |      0 |      0 |     18 |   1 |   86.0 |
               +--------+--------+--------+--------+--------+-----+--------+

Top non-repeatable levels by time:
     D:1: 86 daAuts
